 Dungeon Crawl Stone Soup version 0.28-a0-684-g30a9fa1a03 (webtiles) character file.

Game seed: 17628102775982916071

483 BlueGoblin the Magician (level 6, -1/28 HPs)
             Began as a Spriggan Earth Elementalist on Oct 19, 2021.
             Slain by a water moccasin skeleton (2 damage)
             ... on level 5 of the Dungeon.
             The game lasted 00:08:30 (5411 turns).

BlueGoblin the Magician (SpEE)                      Turns: 5411, Time: 00:08:30

Health: -1/28      AC:  2    Str: 10    XL:     6   Next: 87%
Magic:  12/16      EV: 18    Int: 19    God:
Gold:   277        SH:  0    Dex: 15    Spells: 13/17 levels left

rFire   . . .      SeeInvis +   a - +1 dagger
rCold   . . .      Faith    .   (shield restricted)
rNeg    . . .      Spirit   .   b - +0 robe
rPois   .          Reflect  .   (helmet restricted)
rElec   .          Harm     .   (no cloak)
rCorr   .          Rampage  .   (gloves unavailable)
Will    +....                   (boots unavailable)
Stlth   ++........              (no amulet)
HPRegen 0.09/turn               l - +6 ring of strength
MPRegen 0.15/turn               (no ring)

@: very quick
A: very small, no large weapons, unfitting armour, see invisible, speed 3
a: no special abilities


You were on level 5 of the Dungeon.
You visited 1 branch of the dungeon, and saw 5 of its levels.

You collected 277 gold pieces.

Inventory:

Hand Weapons
 a - a +1 dagger (weapon)
Missiles
 c - 43 stones
 j - 12 sling bullets
 m - 2 poisoned darts
 n - a throwing net
Armour
 b - a +0 robe (worn)
Magical Staves
 r - a staff of cold
Jewellery
 l - a +6 ring of strength (left hand)
 t - an amulet of the acrobat
Wands
 o - a wand of digging (6)
Scrolls
 d - a scroll of teleportation {unknown}
 f - 2 scrolls of amnesia
 q - a scroll of enchant weapon
 s - a scroll of identify
Potions
 e - a potion of curing {unknown}
 g - 2 potions of heal wounds
 h - 2 potions of degeneration {unknown}
 i - a potion of resistance {unknown}
 k - 2 potions of attraction {unknown}
 p - 2 potions of might


   Skills:
 + Level 3.9 Dodging
 - Level 3.0 Stealth
 + Level 6.4 Spellcasting
 - Level 1.3 Transmutations
 + Level 5.1 Earth Magic


You had 13 spell levels left.
You knew the following spells:

 Your Spells              Type           Power      Damage    Failure   Level
a - Sandblast             Erth           50%        2d12      1%          1
b - Stone Arrow           Conj/Erth      30%        3d8       11%         3

Your spell library contained the following spells:

 Spells                   Type           Power      Damage    Failure   Level
 Passwall                 Tmut/Erth      15%        N/A       4%          2
 Ignite Poison            Fire/Tmut/Pois 7%         N/A       26%         3
 Petrify                  Tmut/Erth      18%        N/A       28%         4
 Conjure Flame            Conj/Fire      6%         6-21      32%         3
 Sticky Flame             Conj/Fire      6%         2d3       71%         4


Dungeon Overview and Level Annotations

Branches:
Dungeon (5/15)             Temple (0/1) D:5

Altars:
Dithmenos

Shops:
D:5 *


Innate Abilities, Weirdness & Mutations

You are very small and have problems with some larger weapons.
You are too small for most types of armour.
You have supernaturally acute eyesight. (SInv)
You cover ground extremely quickly. (Speed+++)


Message History

The blast of sand hits the scorpion zombie!
You destroy the scorpion zombie!
There is an abandoned shop here.
There is an entrance to Joxka's CLEARANCE SALE! here.
Unknown command.
Found a scroll of vulnerability.
s - a scroll of identify
t - an amulet of the acrobat No target in view!
There is a stone staircase leading down here.
A water moccasin skeleton comes into view.
A water moccasin skeleton is nearby!
A water moccasin skeleton is nearby!
A water moccasin skeleton is nearby!
Found a staircase to the Ecumenical Temple.
A centaur comes into view.
The centaur shouts!
You hear a shout!
Found a hunting sling.
The blast of sand hits the water moccasin skeleton!
The water moccasin skeleton is moderately damaged.
The blast of sand hits the water moccasin skeleton.
The water moccasin skeleton is heavily damaged.
The water moccasin skeleton closely misses you.
An ogre comes into view. It is wielding a +0 giant spiked club.
The blast of sand hits the water moccasin skeleton!
The water moccasin skeleton is severely damaged.
The centaur wields a +0 shortbow.
The centaur shoots an arrow.
The arrow hits you! The water moccasin skeleton misses you.
The water moccasin skeleton bites you.
The centaur shoots an arrow.
The arrow closely misses you.
You are too injured to fight recklessly!
Aiming: Sandblast (safe; 1% risk of failure)
Press: ? - help, Q - select action, (/) - cycle Shift-Dir - straight line, f - centaur, p - water moccasin skeleton
Aim: a centaur, wielding a +0 shortbow and quivering arrows (88% to hit)
The blast of sand hits the water moccasin skeleton.
The water moccasin skeleton is almost destroyed.
The centaur shoots an arrow.
The arrow hits you!
* * * LOW HITPOINT WARNING * * *
The water moccasin skeleton bites you.
You die...

#.#∩.∩.∩#....<#.#....#.##.#.##
#.#######.#####.######....#...
##.# #..>..................###.
###..#####.#...###.#####.........
.........#.#.............####.##.
.?............#.#.#.#.#.. #.##.
......................... #..#.
............#.#.......#.. ##.#.
######..........@........ #...
#......#.#..Zc...#. ##.#
#......#........... #.#
########.#.......#. #.#
#........... #.. #.#.#.#.#.#. ...
.........O. ##. . .. .....). .


You could see an ogre, a centaur and a water moccasin skeleton.

Vanquished Creatures
  A black bear (D:3)
  A hound (D:5)
  2 jellies
  A gnoll shaman (D:4)
  Terence (D:3)
  A scorpion zombie (D:5)
  7 adders
  8 gnolls
  An adder skeleton (D:4)
  3 dart slugs
  2 orcs (D:3)
  8 bats
  13 endoplasms
  2 giant cockroaches
  5 goblins
  6 hobgoblins
  4 jackals (D:3)
  5 ball pythons
  2 frilled lizards (D:1)
  5 kobolds
  3 rats
81 creatures vanquished.

Vanquished Creatures (others)
  6 plants (D:1)
6 creatures vanquished.

Grand Total: 87 creatures vanquished

Notes
Turn   | Place    | Note
-------+----------+-------------------------------------------
     0 | D:1      | BlueGoblin the Spriggan Earth Elementalist began the quest
                  | for the Orb.
     0 | D:1      | Reached XP level 1. HP: 9/9 MP: 5/5
   148 | D:1      | Reached XP level 2. HP: 13/13 MP: 4/6
   151 | D:1      | Reached skill level 3 in Spellcasting
   731 | D:1      | Found a faded altar of an unknown god.
  1509 | D:2      | Reached XP level 3. HP: 16/16 MP: 5/8
  2433 | D:3      | Reached skill level 4 in Spellcasting
  2476 | D:3      | Reached XP level 4. HP: 17/21 MP: 1/11
  3375 | D:3      | Reached XP level 5. HP: 12/24 MP: 8/13
  3530 | D:3      | Noticed Terence
  3536 | D:3      | Killed Terence
  3537 | D:3      | Reached skill level 5 in Spellcasting
  3731 | D:3      | Learned a level 3 spell: Stone Arrow
  4069 | D:4      | Noticed a black bear
  4280 | D:3      | Killed a black bear
  4281 | D:3      | Reached XP level 6. HP: 9/28 MP: 7/15
  4551 | D:4      | Reached skill level 6 in Spellcasting
  4892 | D:4      | Found a shadowy altar of Dithmenos.
  5089 | D:5      | Entered Level 5 of the Dungeon
  5207 | D:5      | Reached skill level 5 in Earth Magic
  5292 | D:5      | Found Joxka's CLEARANCE SALE!.
  5404 | D:5      | Found a staircase to the Ecumenical Temple.
  5411 | D:5      | HP: 1/28 [centaur/arrow (9)]
  5411 | D:5      | Slain by a water moccasin skeleton

Illustrated notes

Levels and vault maps discovered:
D:1:      saegor_arrival_simple_c, layout_loops_ring,
          shapermc_ecumenical_altar_petra, serial_glass, glass_columns_c,
          glass_columns_a, glass_columns_a, glass_columns_c, glass_columns_b,
          glass_columns_c, glass_columns_a, glass_columns_b, glass_columns_a,
          glass_columns_a, glass_columns_b, glass_columns_b, glass_columns_a,
          glass_columns_a, kennysheep_nondescript, serial_bayou_lagoon_a
D:2:      minmay_door_path, layout_loops_corners
D:3:      layout_basic, uniq_terence
D:4:      layout_rooms, mainiacjoe_overflow_boulevard
D:5:      cheibrodos_two_vegetables, layout_basic, nicolae_uskayaw_en_pointe,
          minmay_temple_entry_glass, nicolae_shop_clearance

Skill      XL: |  1  2  3  4  5  6 |
---------------+-------------------+-----
Earth Magic    | 3 4 5 |  5.1
Spellcasting   | 3 4 5 6 |  6.4
Dodging        | 3 |  3.9
Stealth        | |  3.0
Transmutations | |  1.3

Action                   |  1- 3 |  4- 6 || total
-------------------------+-------+-------++-------
Melee: Unarmed           |     5 |       ||     5
       Dagger            |    14 |     2 ||    16
Throw: Stone             |       |    20 ||    20
 Cast: Sandblast         |    56 |    94 ||   150
  Use: Scroll            |     1 |     6 ||     7
Armor: Robe              |     4 |    11 ||    15
Dodge: Dodged            |    34 |    67 ||   101

Table legend: (Time is in decaauts)
 A = Elapsed time spent in this place.
 B = Non-inter-level travel time spent in this place.
 C = Inter-level travel time spent in this place.
 D = Time resting spent in this place.
 E = Time spent auto-exploring this place.
 F = Levels seen in this place.
 G = Mean time per level.
                   A        B        C        D        E       F      G
               +--------+--------+--------+--------+--------+-----+--------+
         Total |   4110 |   3961 |    149 |    445 |   2981 |   5 |  822.0 |
       Dungeon |   4110 |   3961 |    149 |    445 |   2981 |   5 |  822.0 |
               +--------+--------+--------+--------+--------+-----+--------+

Top non-repeatable levels by time:
     D:3: 1598 daAuts
     D:2: 953 daAuts
     D:1: 828 daAuts
     D:4: 489 daAuts
     D:5: 239 daAuts
